 Dungeon Crawl Stone Soup version 0.27-a0-1529-g1e82c303ef (webtiles) character file.

Game seed: 5038868355804297151

26 Lekart the Skirmisher (level 2, -6/27 HPs)
             Began as a Draconian Chaos Knight on July 12, 2021.
             Was a Plaything of Xom.
             Mangled by Terence (9 damage)
             ... on level 2 of the Dungeon.
             The game lasted 00:01:49 (1016 turns).

Lekart the Skirmisher (Draconian Chaos Knight)      Turns: 1016, Time: 00:01:50

Health: -6/27      AC:  4    Str: 14    XL:     2   Next: 89%
Magic:  3/3        EV: 12    Int: 12    God:    Xom [....*.]
Gold:   38         SH:  0    Dex: 10    Spells: 2/2 levels left

rFire    . . .     SeeInvis .   a - +0 falchion (chaos)
rCold    . . .     Faith    .   (no shield)
rNeg     . . .     Spirit   .   (armour unavailable)
rPois    .         Reflect  .   (helmet restricted)
rElec    .         Harm     .   (no cloak)
rCorr    .         Rampage  .   (no gloves)
Will     .....                  (no boots)
Stlth    +.........             (no amulet)
HPRegen  0.09/turn              (no ring)
MPRegen  0.08/turn              (no ring)

@: very slightly contaminated, invisible
A: AC +4, unfitting armour, cold-blooded
a: Renounce Religion


You were on level 2 of the Dungeon.
You worshipped Xom.
You were a beloved toy of Xom.
You visited 1 branch of the dungeon, and saw 2 of its levels.

You collected 38 gold pieces.

Inventory:

Hand Weapons
 a - a +0 falchion of chaos (weapon)
Wands
 f - a wand of mindburst (14)
Scrolls
 d - a scroll of summoning
 g - a scroll of noise
Potions
 c - a potion of curing
 e - a potion of ambrosia


   Skills:
 + Level 3.7 Fighting
 + Level 3.3 Long Blades
 + Level 2.3 Dodging
 * Level 0.9 Spellcasting


You had 2 spell levels left.
You didn't know any spells.
Your spell library was empty.

Dungeon Overview and Level Annotations

Branches:
Dungeon (2/15)

Altars:

Shops:
D:1 [

Annotations:
D:1 exclusion: downstairs
D:2 Terence


Innate Abilities, Weirdness & Mutations

Your plain brown scales are hard. (AC +4)
You cannot fit into any form of body armour.
You are cold-blooded and may be slowed by cold attacks.


Message History

You barely miss Terence.
Terence is lightly wounded.
Terence hits you with a +0 mace. Terence says, "Did you write a will?
You should..."
Terence barely misses you.
The adder hisses angrily.
You hit Terence.
Terence resists with some effort.
You tail-slap Terence, but do no damage.
Terence is moderately wounded.
The adder hisses angrily.
Terence hits you with a +0 mace!
You closely miss Terence. You tail-slap Terence.
Terence is heavily wounded.
The adder hisses angrily.
Terence hits you with a +0 mace. Terence closely misses you.
You riposte.
You barely miss Terence.
Terence is heavily wounded.
The adder hisses angrily.
You closely miss Terence.
Terence is heavily wounded.
Terence misses you. Terence barely misses you.
You barely miss Terence.
Terence is heavily wounded.
Terence misses you. Terence barely misses you.
You hit Terence but do no damage. You tail-slap Terence.
Terence is heavily wounded.
Terence closely misses you.
You catch the helpless Terence completely off-guard!
You hit Terence.
Terence resists with some effort.
Terence is heavily wounded.
You hit Terence but do no damage.
Terence is poisoned.
You tail-slap Terence.
Terence is severely wounded.
Terence hits you with a +0 mace.
* * * LOW HITPOINT WARNING * * *
Terence hits you with a +0 mace.
* * * LOW HITPOINT WARNING * * *
You closely miss Terence.
Terence is almost dead.
Terence hits you with a +0 mace!
You die...

............#.# #.#....#.#
............#.#####.#.##.#.#
##........#.#....##.#..#.#.#
#..# ##.#..#.#.#
#S.###.##........#
#......#.....#.###
##..####....#....# ##@#
#.........# #@## #..#......#
#..###..######.#
##.............#
#.............#
##............#
#............#
#.##..######.# #.##......# #
#..##.###.#


You could see Terence (fast, very poisoned) and an adder (wandering).

Vanquished Creatures
  An adder (D:2)
  A dart slug (D:1)
  3 endoplasms (D:1)
  A ball python (D:1)
  3 bats (D:1)
  3 frilled lizards (D:1)
  A goblin (D:1)
  A kobold (D:1)
  3 rats (D:1)
17 creatures vanquished.

Notes
Turn   | Place    | Note
-------+----------+-------------------------------------------
     0 | D:1      | Lekart the Draconian Chaos Knight began the quest for the
                  | Orb.
     0 | D:1      | Reached XP level 1. HP: 19/19 MP: 1/1
     6 | D:1      | XOM: potion effect (invisibility)
    35 | D:1      | Reached XP level 2. HP: 16/26 MP: 2/2
   293 | D:1      | XOM: silly message
   676 | D:1      | Found Feinaott's Antique Armour Emporium.
   831 | D:2      | Noticed Terence
   996 | D:2      | XOM: potion effect (invisibility)
  1016 | D:2      | Mangled by Terence

Illustrated notes

Levels and vault maps discovered:
D:1:      mrwooster_arrival_statue, layout_loops_ring, serial_shops,
          nicolae_shop_statue_plus
D:2:      layout_basic, serial_shops, nicolae_shop_statue_plus,
          shapermc_ecumenical_altar_rom_forum, basic_altar,
          minmay_misc_feat_rows, uniq_terence

Action                   || total
-------------------------++-------
Melee: Falchion          ||    53
       Tailslap          ||    10
  Use: Scroll            ||     4
 Stab: Invisible         ||     2
Armor: Skin              ||    18
Dodge: Dodged            ||    45
       Rpst.: Falchion   ||     7

Table legend: (Time is in decaauts)
 A = Elapsed time spent in this place.
 B = Non-inter-level travel time spent in this place.
 C = Inter-level travel time spent in this place.
 D = Time resting spent in this place.
 E = Time spent auto-exploring this place.
 F = Levels seen in this place.
 G = Mean time per level.
                   A        B        C        D        E       F      G
               +--------+--------+--------+--------+--------+-----+--------+
         Total |   1025 |    946 |     79 |     62 |    746 |   2 |  512.5 |
       Dungeon |   1025 |    946 |     79 |     62 |    746 |   2 |  512.5 |
               +--------+--------+--------+--------+--------+-----+--------+

Top non-repeatable levels by time:
     D:1: 935 daAuts
     D:2: 89 daAuts
